 Dungeon Crawl Stone Soup version 0.30.1-3-gfc49f6343a (webtiles) character file.

Game seed: 8093087130365094016

7231 Destapler the Caliginous (level 10, -6/112 HPs)
             Began as a Demonspawn Transmuter on July 24, 2023.
             Was a Priest of Dithmenos.
             Mangled by Sonja
             ... wielding a +1 dagger of distortion
              (14 damage)
             ... on level 10 of the Dungeon on July 25, 2023.
             The game lasted 01:27:57 (13206 turns).

Destapler the Caliginous (Demonspawn Transmuter)   Turns: 13206, Time: 01:27:57

Health: -6/112     AC: 29    Str: 11    XL:     10   Next: 88%
Magic:  0/17       EV:  2    Int: 19    God:    Dithmenos [***...]
Gold:   759        SH:  9    Dex: 19    Spells: 9/19 levels left

rFire   + .          .
                       - Unarmed
rCold   . . .        (no shield)
rNeg    + . .        K - melded +0 steam dragon scales
rPois   +            (helmet currently unavailable)
rElec   .            L - melded +0 cloak {rPois}
rCorr   .            l - melded +1 pair of gloves
SInv    .            (boots currently unavailable)
Will    .....        e - amulet of reflection
Stlth   ++++++       n - ring of Leaves {rF+ Dex+6}
HPRegen 0.38/turn    g - ring "Zitzisoj" {Wiz rPois rN+ Stlth+}
MPRegen 0.30/turn

%: reflection, guardian spirit, wizardry (x1)
@: mighty, tree-form, wreathed by umbra
A: stationary, stasis, torment immunity, boosted hp, (antennae 1), icemail 1,
magic shield, magic regeneration, magic link, (sturdy frame 1), condensation
shield
a: Renounce Religion, Shadow Step


You were on level 10 of the Dungeon.
You worshipped Dithmenos.
Dithmenos was most pleased with you.
You were a tree.
You visited 2 branches of the dungeon, and saw 11 of its levels.
You also visited: Bailey.

You collected 759 gold pieces.

Inventory:

Hand Weapons
 J - a +0 demon blade of flaming
Armour
 c - a +1 leather armour of fire resistance
 l - a +1 pair of gloves (melded)
 r - a +1 leather armour of willpower
 K - +0 steam dragon scales (melded)
 L - a +0 cloak of poison resistance (melded)
Jewellery
 e - an amulet of reflection (around neck)
 g - the ring "Zitzisoj" (right branch) {Wiz rPois rN+ Stlth+}
   (You found it in a bailey)

   [ring of wizardry]

   It improves your spell success rate.
   rPois:     It protects you from poison.
   rN:        It protects you from negative energy.
   Stlth:     It makes you more stealthy.
 n - the ring of Leaves (left branch) {rF+ Dex+6}
   (You found it on level 2 of the Dungeon)

   [ring of dexterity]

   Dex:       It affects your dexterity (+6).
   rF:        It protects you from fire.
 w - a +6 ring of dexterity
Wands
 m - a wand of mindburst (16)
 q - a wand of roots (12)
 y - a wand of acid (13)
 D - a wand of polymorph (3)
 E - a wand of charming (5)
Scrolls
 h - 3 scrolls of fog
 u - a scroll of immolation {unknown}
 x - 2 scrolls of teleportation
 A - a scroll of poison {unknown}
 H - a scroll of fear {unknown}
 I - 4 scrolls of enchant weapon
Potions
 a - a potion of brilliance
 b - 2 potions of lignification
 d - 2 potions of magic
 i - 2 potions of might
 o - 2 potions of mutation
 p - 9 potions of curing
 z - 2 potions of flight
 B - a potion of resistance
 C - a potion of attraction


   Skills:
 + Level 5.6 Fighting
 + Level 3.0 Armour
 + Level 5.4 Dodging
 + Level 5.5 Stealth
 + Level 5.4 Unarmed Combat
 - Level 5.0 Spellcasting
 - Level 5.0 Transmutations
 * Level 2.9 Ice Magic
 - Level 5.0 Poison Magic
 + Level 6.7 Invocations
 - Level 5.0 Evocations


You had 9 spell levels left.
You knew the following spells:

 Your Spells              Type           Power      Damage    Failure   Level
a - Beastly Appendage     Tmut           46%        N/A       1%          1
b - Wereblood             Tmut           23%        N/A       1%          2
c - Spider Form           Tmut/Pois      23%        N/A       1%          3
d - Ice Form              Ice/Tmut       19%        N/A       10%         4

Your spell library contained the following spells:

 Spells                   Type           Power      Damage    Failure   Level
 Conjure Ball Lightning   Conj/Air       2%         3x3d6     99%         6
 Discord                  Hex            2%         N/A       100%        8
 Disjunction              Tloc           2%         N/A       100%        8


Dungeon Overview and Level Annotations

Branches:
Dungeon (10/15)            Temple (0/1) D:7            Lair (0/5) D:10
    Orc (1/2) D:9          Bailey (visited)

Altars:
Cheibriados
Dithmenos
Kikubaaqudgha
Uskayaw
Xom

Shops:
D:2 !   D:6 (

Annotations:
D:7 2 runed translucent doors, 2 transporters, exclusion: orange crystal statue, Heoruswealwe's ghost, novice DECj
D:9 3 runed translucent doors, hahagava's ghost, novice DrAE
D:10 Sonja


Innate Abilities, Weirdness & Mutations

You are a tree.
Your roots penetrate the ground, keeping you stationary.
You cannot be teleported.
You are immune to unholy pain and torment.
Your maximum health is greatly increased.
Your equipment is partially melded.
((You have a pair of small antennae on your head.))
A meltable icy envelope protects you from harm. (AC +4)
When hurt, damage is shared between your health and your magic reserves.
You regenerate magic rapidly.
When low on magic, you restore magic in place of health.
((Your movements are slightly less encumbered by armour. (ER -2)))
A meltable shield of frost defends you. (SH +4)


Message History

Your +0 demon blade is engulfed in flames!
J - a +0 demon blade of flaming Your primal bloodlust has ended.
You block Sonja's attack. Sonja hits you but does no damage.
Space warps around you.
* * * LOW HITPOINT WARNING * * *
Sonja closely misses you.
You feel very mighty all of a sudden.
Sonja hits you with a +1 dagger of distortion.
* * * LOW HITPOINT WARNING * * *
Space warps around you.
* * * LOW HITPOINT WARNING * * *
Sonja closely misses you.
Sonja hits you with a +1 dagger of distortion.
* * * LOW HITPOINT WARNING * * *
Space warps horribly around you.
* * * LOW HITPOINT WARNING * * *
You block Sonja's attack. Sonja closely misses you.
Sonja hits you but does no damage.
Really quaff the potion of lignification?
Your talons disappear.
You turn into a tree.
Your +0 cloak of poison resistance melds into your body.
Your +1 pair of gloves melds into your body.
Your +0 steam dragon scales melds into your body.
Your roots penetrate the ground.
Sonja hits you but does no damage. x2
Space warps horribly around you!
* * * LOW HITPOINT WARNING * * *
You block Sonja's attack.
You barely miss Sonja. Sonja hits you but does no damage.
Space warps around you.
* * * LOW HITPOINT WARNING * * *
Sonja hits you but does no damage. Space warps around you!
* * * LOW HITPOINT WARNING * * *
You block Sonja's attack.
A wolf comes into view.
Sonja hits you with a +1 dagger of distortion.
* * * LOW HITPOINT WARNING * * *
Sonja hits you but does no damage. Space warps horribly around you!
You die...

#...* #..#,**######..#,,, #...*
#..#,,,........#,,, #...*
###..#,,,........#,,,
#...######h...#,,,.######.#,,,
#.............#,,,,* #.#,,,
*#............#,,,,* #.####
#...........{#,,,,* #....#
##....#######K#**,,* #....#
#.....# #.#♣#,#,,* #.....
#....[# #.8.#.#,,* #.....
#.....# #.#.#.#,.######.....
##.....#####.#.8.#,............
#..........#.#.#.#,............
#..........#.8.#.#,............
#..........#.#.#.#########.....
#..........#.#.8.#.......#..###
#..........#.#∩#.#.......'..#,,


You could see Sonja and a wolf (wandering).

Vanquished Creatures
  Maurice (D:8)
  Maggie (D:8)
  A shadow (D:9)
  4 yaks
  An acid dragon (D:9)
  2 water moccasins
  12 orc warriors
  3 sky beasts
  12 centaurs
  2 black bears
  A wolf (D:10)
  4 kobold brigands
  3 bullfrogs
  A scorpion (D:4)
  22 wights
  3 killer bees (D:8)
  4 electric eels (D:9)
  5 hounds
  A jelly (D:5)
  2 sleepcaps
  4 orc priests
  5 iguanas
  Ijyb (D:3)
  11 orc wizards
  Robin (D:3)
  4 gnolls
  4 adders
  A shadow imp (D:5)
  4 ufetubi
  3 worms
  A dart slug (D:5)
  61 orcs
  5 ball pythons
  8 bats
  5 endoplasms
  6 hobgoblins
  3 jackals (D:2)
  23 kobolds
  3 quokkas
  2 frilled lizards
  11 goblins
  A rat (D:1)
252 creatures vanquished.

Vanquished Creatures (others)
  2 orcs
2 creatures vanquished.

Grand Total: 254 creatures vanquished

Notes
Turn   | Place    | Note
-------+----------+-------------------------------------------
     0 | D:1      | Destapler the Demonspawn Transmuter began the quest for the
                  | Orb.
     0 | D:1      | Reached XP level 1. HP: 15/15 MP: 3/3
   410 | D:1      | Gained mutation: You regenerate magic rapidly. [demonic
                  | ancestry]
   410 | D:1      | Reached XP level 2. HP: 20/21 MP: 1/5
   610 | D:1      | You fall into a shaft and drop 1 floor!
   654 | D:2      | Found Qidio's Distillery.
  1310 | D:2      | Gained mutation: When hurt, damage is shared between your
                  | health and your magic reserves. [demonic ancestry]
  1310 | D:2      | Reached XP level 3. HP: 10/26 MP: 6/6
  1313 | D:2      | Learned a level 2 spell: Wereblood
  1317 | D:2      | Learned a level 3 spell: Spider Form
  1382 | D:2      | Found a faded altar of an unknown god.
  1461 | D:2      | Identified the ring of Leaves {rF+ Dex+6}
  1992 | D:3      | Gained mutation: A meltable shield of frost defends you.
                  | (SH +4) [demonic ancestry]
  1992 | D:3      | Reached XP level 4. HP: 31/33 MP: 4/7
  2366 | D:2      | Reached XP level 5. HP: 32/38 MP: 7/9
  2474 | D:3      | Noticed Ijyb
  2495 | D:3      | Killed Ijyb
  2548 | D:3      | Noticed Robin
  2600 | D:3      | Killed Robin
  3151 | D:3      | Found a snail-covered altar of Cheibriados.
  3523 | D:4      | Found a shadowy altar of Dithmenos.
  3576 | D:4      | Reached skill level 1 in Poison Magic
  3614 | D:4      | Reached skill level 1 in Stealth
  3614 | D:4      | Reached skill level 1 in Evocations
  3614 | D:4      | Reached XP level 6. HP: 16/46 MP: 7/10
  4320 | D:5      | Entered Level 5 of the Dungeon
  4731 | D:5      | Gained mutation: Your movements are slightly less
                  | encumbered by armour. (ER -2) [demonic ancestry]
  4731 | D:5      | Reached XP level 7. HP: 51/51 MP: 9/11
  5165 | D:5      | Found an ancient bone altar of Kikubaaqudgha.
  5782 | D:6      | Gained mutation: You have a pair of small antennae on your
                  | head. [demonic ancestry]
  5782 | D:6      | Reached XP level 8. HP: 37/58 MP: 6/13
  6296 | D:4      | Became a worshipper of Dithmenos the Shadowed
  6514 | D:6      | Found Rankak's Hydra Hut.
  6519 | D:6      | Noticed a five-headed hydra
  7510 | D:7      | Found a hide-covered altar of Uskayaw.
  7573 | D:7      | Found a staircase to the Ecumenical Temple.
  7928 | D:7      | Reached skill level 1 in Invocations
  7946 | D:7      | Gained mutation: A meltable icy envelope protects you from
                  | harm. (AC +4) [demonic ancestry]
  7946 | D:7      | Reached XP level 9. HP: 32/66 MP: 8/15
  8137 | D:7      | Found the +10 tower shield of Ignorance {rN+ Int-4}
  8141 | D:7      | Found a runed translucent door.
  8147 | D:7      | Noticed an orange crystal statue
  8163 | D:7      | Found a runed translucent door.
  8279 | D:7      | Found a transporter.
  8298 | D:7      | Found a transporter.
  8298 | D:7      | Noticed Heoruswealwe's ghost (novice DECj)
  8316 | D:7      | Reached * piety under Dithmenos
  8762 | D:8      | Noticed Maggie
  8819 | D:8      | Reached skill level 2 in Invocations
  9041 | D:8      | Reached skill level 5 in Unarmed Combat
  9309 | D:8      | Noticed Maurice
  9785 | D:8      | Killed Maggie
  9786 | D:8      | Reached skill level 5 in Fighting
  9786 | D:8      | Reached skill level 3 in Invocations
  9897 | D:8      | Reached skill level 5 in Spellcasting
  9906 | D:8      | Killed Maurice
 10350 | D:9      | Reached skill level 5 in Transmutations
 10435 | D:9      | Reached skill level 5 in Dodging
 10435 | D:9      | Reached skill level 4 in Invocations
 10435 | D:9      | Gained mutation: When low on magic, you restore magic in
                  | place of health. [demonic ancestry]
 10435 | D:9      | Reached XP level 10. HP: 67/74 MP: 11/17
 10620 | D:9      | Found a shimmering altar of Xom.
 10807 | D:9      | Reached skill level 5 in Evocations
 11029 | D:9      | Reached skill level 5 in Stealth
 11029 | D:9      | Reached skill level 5 in Poison Magic
 11077 | D:9      | Found a runed translucent gate.
 11077 | D:9      | Found a runed translucent gate.
 11077 | D:9      | Found a runed translucent gate.
 11077 | D:9      | Noticed a spectral centaur warrior
 11077 | D:9      | Noticed hahagava's ghost (novice DrAE)
 11077 | D:9      | Noticed a spectral centaur warrior
 11079 | D:9      | Noticed a spectral centaur warrior
 11167 | D:9      | Reached skill level 5 in Invocations
 11257 | D:9      | Reached skill level 6 in Invocations
 11357 | D:9      | Reached ** piety under Dithmenos
 11478 | D:9      | Reached skill level 1 in Armour
 11521 | D:9      | Found a staircase to the Orcish Mines.
 11569 | D:9      | Learned a level 4 spell: Ice Form
 12008 | Orc:1    | Entered Level 1 of the Orcish Mines
 12048 | Orc:1    | Noticed a cyclops
 12084 | D:10     | Entered Level 10 of the Dungeon
 12118 | D:9      | Reached skill level 1 in Ice Magic
 12179 | D:10     | Found a flagged portal.
 12240 | Bailey   | Entered a bailey
 12574 | Bailey   | Reached *** piety under Dithmenos
 12595 | Bailey   | Identified the ring "Zitzisoj" {Wiz rPois rN+ Stlth+}
 12638 | Bailey   | HP: 4/88 [orc warrior/+0 glaive (8)]
 13184 | D:10     | Noticed Sonja
 13206 | D:10     | Mangled by Sonja

Illustrated notes

Levels and vault maps discovered:
D:1:      lightli_arrival_boilingwater, layout_basic, amcnicky_mini_pool_small,
          chequers_big_river, serial_bayou_lake_a
D:2:      layout_basic, serial_shops, nicolae_shop_industrial_runoff,
          chequers_ecumenical_altar_island, minmay_tetromino_s2
D:3:      layout_loops_corners, mainiacjoe_overflow_alcove_1, kennysheep_donut,
          nicolae_goblin_pals
D:4:      layout_loops_ring, nicolae_dithmenos_through_a_glass_darkly
D:5:      layout_loops_cross, kiku_gazebo_garden_becter
D:6:      layout_basic, doesnt_shop_hydraphobe
D:7:      layout_basic, eat_drink_and_be_merry_uskayaw,
          minmay_temple_entry_glass, gammafunk_ghost_stat_death,
          chequers_guarded_unrand_ignorance
D:8:      layout_cave_pods, uniq_maurice, uniq_maggie
D:9:      layout_small_grid, xom_teletrap_fun, erik_orc_2,
          gammafunk_ghost_necromancy, serial_glass, glass_columns_b,
          glass_columns_b, glass_columns_a, glass_columns_a, glass_columns_a,
          glass_columns_c, glass_columns_a, glass_columns_a
D:10:     layout_irregular_city, minmay_lair_entry_grove, enter_bailey_8,
          uniq_sonja
Orc:1:    layout_diamond_mine, trog_butcher_becter

Skill      XL: |  1  2  3  4  5  6  7  8  9 10 |
---------------+-------------------------------+-----
Dodging        | 2 3 4 5 |  5.4
Transmutations | 2 3 4 5 |  5.0
Unarmed Combat | 3 4 5 |  5.4
Fighting       | 2 3 4 5 |  5.6
Spellcasting   | 3 4 5 |  5.0
Poison Magic   | 1 2 3 4 5 |  5.0
Stealth        | 1 2 3 4 5 |  5.5
Evocations     | 1 2 3 4 5 |  5.0
Invocations    | 1 4 6 |  6.7
Armour         | 3 |  3.0
Ice Magic      | 2 |  2.9

Action                     |  1- 3 |  4- 6 |  7- 9 | 10-12 || total
---------------------------+-------+-------+-------+-------++-------
  Melee: Unarmed           |   127 |   174 |   394 |   381 ||  1076
         Headbutt          |    14 |    22 |     7 |       ||    43
         Kick              |    14 |    33 |    82 |    85 ||   214
         Punch             |     1 |     2 |    13 |     8 ||    24
   Cast: Beastly Appendage |    29 |    25 |    29 |    22 ||   105
         Spider Form       |     1 |     7 |     9 |     6 ||    23
         Wereblood         |       |     2 |    13 |    11 ||    26
         Ice Form          |       |       |       |    10 ||    10
Ability: End Transformatio |       |       |     1 |       ||     1
  Evoke: Wand              |       |     1 |     2 |       ||     3
    Use: Potion            |       |       |     2 |     6 ||     8
         Scroll            |       |       |    10 |     5 ||    15
   Stab: Sleeping          |     1 |     3 |     4 |       ||     8
         Distracted        |       |     1 |     1 |       ||     2
         Invisible         |       |       |       |     2 ||     2
 Armour: Robe              |    41 |    13 |       |       ||    54
         Skin              |     2 |     2 |    74 |    42 ||   120
         Leather armour    |       |       |    60 |       ||    60
         Steam dragon scal |       |       |     1 |    47 ||    48
  Dodge: Dodged            |    89 |    86 |   340 |   327 ||   842
  Block: Other             |       |    31 |    88 |   181 ||   300
